 Dungeon Crawl Stone Soup version 0.26-a0-540-g8a0c9464d7 (webtiles) character file.

Game seed: 17066120192843943900

9 HammerPanzer the Skirmisher (level 2, 0/36 HPs)
             Began as a Demonspawn Berserker on Aug 20, 2020.
             Was a Follower of Trog.
             Slain by a jackal (3 damage)
             ... on level 1 of the Dungeon.
             The game lasted 00:00:54 (434 turns).

HammerPanzer the Skirmisher (Demonspawn Berserker)   Turns: 434, Time: 00:00:55

Health: 0/36       AC:  2    Str: 17    XL:     2   Next: 3%
Magic:  2/2        EV: 12    Int:  8    God:    Trog [*.....]
Gold:   0          SH:  0    Dex: 12    Spells: 1/1 levels left

rFire    . . .     SeeInvis .   a - +0 mace
rCold    . . .     Faith    .   (no shield)
rNeg     . . .     Spirit   .   b - +0 animal skin
rPois    .         Reflect  .   (no helmet)
rElec    .         Harm     .   (no cloak)
rCorr    .                      (no gloves)
MR       .....                  (no boots)
Stlth    ..........             (no amulet)
HPRegen  0.12/turn              (no ring)
MPRegen  0.08/turn              (no ring)

@: berserking, very quick
A: demonic guardian 1
a: Berserk, Renounce Religion


You were on level 1 of the Dungeon.
You worshipped Trog.
Trog was aware of your devotion.
You visited 1 branch of the dungeon, and saw 2 of its levels.

Inventory:

Hand Weapons
 a - a +0 mace (weapon)
Armour
 b - a +0 animal skin (worn)
Jewellery
 d - an uncursed amulet of regeneration {unknown}
Scrolls
 c - a scroll of identify {unknown}
Potions
 e - a potion of cancellation {unknown}


   Skills:
 + Level 3.2 Fighting
 * Level 3.1 Maces & Flails
 - Level 1.7 Armour
 - Level 1.7 Dodging


You had one spell level left.
You didn't know any spells.
Your spell library was empty.

Dungeon Overview and Level Annotations

Branches:
Dungeon (2/15)

Altars:


Innate Abilities, Weirdness & Mutations

A weak demonic guardian rushes to your aid.


Message History

You barely miss the leopard gecko. The jackal misses you. The jackal bites you.
The jackal bites you but does no damage.
The leopard gecko closely misses you. The goblin hits you.
* * * LOW HITPOINT WARNING * * *
You barely miss the leopard gecko. The jackal closely misses you.
The leopard gecko closely misses you. The jackal barely misses you. x2
The leopard gecko bites you but does no damage.
You closely miss the leopard gecko. The jackal bites you.
* * * LOW HITPOINT WARNING * * *
The leopard gecko misses you. The goblin barely misses you.
The jackal misses you. The jackal closely misses you.
The leopard gecko bites you.
* * * LOW HITPOINT WARNING * * *
The jackal closely misses you.
You barely miss the leopard gecko.
The jackal bites you but does no damage.
Your white imp misses the jackal.
The leopard gecko bites you.
* * * LOW HITPOINT WARNING * * *
The jackal bites you.
You die...

##############
#.............
#....5........
.#.....hg...$..
......l@h......
.?....hl.......
###+#...#######
#..## ... ###.
#. #. +###


You could see 2 leopard geckos, 3 jackals, a goblin and a friendly white imp
(summoned).

Vanquished Creatures
  A dart slug (D:2)
  3 goblins
  2 hobgoblins (D:1)
6 creatures vanquished.

Notes
Turn   | Place    | Note
-------+----------+-------------------------------------------
     0 | D:1      | HammerPanzer the Demonspawn Berserker began the quest for
                  | the Orb.
     0 | D:1      | Reached XP level 1. HP: 18/18 MP: 1/1
   224 | D:1      | You fall into a shaft and drop 1 floor!
   243 | D:2      | Gained mutation: A weak demonic guardian rushes to your
                  | aid. [demonic ancestry]
   243 | D:2      | Reached XP level 2. HP: 18/24 MP: 2/2
   434 | D:1      | Slain by a jackal

Illustrated notes

Levels and vault maps discovered:
D:1:      dpeg_arrival_morbid_curiosity, layout_basic
D:2:      layout_loops_corners, uniq_natasha

Skill      XL: |  1 |
---------------+----+-----
Maces & Flails | 3 |  3.1
Fighting       | |  3.2
Armour         | |  1.7
Dodging        | |  1.7

Action                   || total
-------------------------++-------
Melee: Mace              ||    28
Invok: Berserk           ||     2
Armor: Animal skin       ||    11
Dodge: Dodged            ||    47

Table legend: (Time is in decaauts)
 A = Elapsed time spent in this place.
 B = Non-inter-level travel time spent in this place.
 C = Inter-level travel time spent in this place.
 D = Time resting spent in this place.
 E = Time spent auto-exploring this place.
 F = Levels seen in this place.
 G = Mean time per level.
                   A        B        C        D        E       F      G
               +--------+--------+--------+--------+--------+-----+--------+
         Total |    448 |    448 |      0 |    262 |    104 |   2 |  224.0 |
       Dungeon |    448 |    448 |      0 |    262 |    104 |   2 |  224.0 |
               +--------+--------+--------+--------+--------+-----+--------+

Top non-repeatable levels by time:
     D:1: 245 daAuts
     D:2: 202 daAuts
